 Dungeon Crawl Stone Soup version 0.29-a0-925-g0a7a3d12f8 (webtiles) character file.

Game seed: 14428219006893775589

58 Ge0ff the Digger (level 4, -2/28 HPs)
             Began as an Octopode Earth Elementalist on July 29, 2022.
             Slain by an iron imp (7 damage)
             ... summoned by Natasha
             ... on level 2 of the Dungeon.
             The game lasted 00:03:08 (1537 turns).

Ge0ff the Digger (Octopode Earth Elementalist)      Turns: 1537, Time: 00:03:09

Health: -2/28      AC:  1    Str:  7    XL:     4   Next: 1%
Magic:  6/8        EV: 13    Int: 19    God:
Gold:   25         SH:  0    Dex: 12    Spells: 8/9 levels left

rFire   . . .      SeeInvis .   a - +2 dagger (freeze)
rCold   + . .      Faith    .   (no shield)
rNeg    . . .      Spirit   .   (helmet restricted)
rPois   .          Reflect  .   (no amulet)
rElec   .          Harm     .   N - ring of protection from cold
rCorr   .          Rampage  .   (no ring)
Will    .....                   (no ring)
Stlth   +++.......              (no ring)
HPRegen 0.09/turn               (no ring)
MPRegen 0.11/turn               (no ring)
                                (no ring)
                                (no ring)

@: very slightly contaminated, slowed, very slow
A: almost no armour, amphibious, 8 rings, camouflage 1, gelatinous body 1,
(nimble swimmer 1), tentacles
a: no special abilities


You were on level 2 of the Dungeon.
You visited 1 branch of the dungeon, and saw 2 of its levels.

You collected 25 gold pieces.

Inventory:

Hand Weapons
 a - a +2 dagger of freezing (weapon)
Missiles
 M - 34 stones
 O - 6 poisoned darts
 P - 6 boomerangs
 Q - 4 javelins
Jewellery
 N - a ring of protection from cold (left tentacle)
 R - a ring of ice
Scrolls
 L - a scroll of noise {unknown}
Potions
 K - a potion of magic {!q}
 S - a potion of flight {unknown}
 T - a potion of attraction {unknown}
 U - a potion of ambrosia {unknown}
 V - a potion of mutation {unknown}
 W - a potion of might {unknown}
 X - a potion of heal wounds {unknown}


   Skills:
 - Level 1.0 Fighting
 - Level 2.0 Dodging
 - Level 2.6 Stealth
 - Level 3.0 Spellcasting
 - Level 1.0 Transmutations
 + Level 3.8 Earth Magic


You had 8 spell levels left.
You knew the following spells:

 Your Spells              Type           Power      Damage    Failure   Level
k - Sandblast             Erth           34%        2d9       3%          1

Your spell library contained the following spells:

 Spells                   Type           Power      Damage    Failure   Level
 Passwall                 Tmut/Erth      10%        N/A       9%          2
 Apportation              Tloc           4%         N/A       16%         1
 Necrotise                Necr           8%         1d4       16%         1
 Stone Arrow              Conj/Erth      20%        3d8       21%         3
 Vampiric Draining        Necr           2%         2d6       41%         3
 Petrify                  Tmut/Erth      12%        N/A       50%         4
 Agony                    Necr           2%         N/A       99%         5


Dungeon Overview and Level Annotations

Branches:
Dungeon (2/15) Zot: 10412

Altars:

Shops:
D:1 :

Annotations:
D:2 Natasha


Innate Abilities, Weirdness & Mutations

You cannot wear most types of armour.
You are amphibious.
You can wear up to eight rings at the same time.
Your skin changes colour to match your surroundings (Stealth+).
Your rubbery body absorbs attacks. (AC +1, EV +1)
((You are camouflaged when in or above water. (Stealth+)))
You have tentacles for arms and can constrict up to eight enemies at once.


Message History

Press: ? - help, Shift-Dir - straight line, f/p - kobold
Aim: a kobold, wielding a +2 dagger of freezing (77% to hit)
The blast of sand hits the kobold!
You kill the kobold!
You start resting.
Magic restored.
HP restored.
Things that are here:
a +2 dagger of freezing; a kobold corpse
Y - a +2 dagger of freezing Adjust (i)tems, (s)pells, or (a)bilities?
Y - a +2 dagger of freezing Adjust to which letter? (? for menu, Esc to quit)
a - a +2 dagger of freezing Your +2 dagger of freezing glows with a cold blue light!
a - a +2 dagger of freezing (weapon)
Natasha mumbles some strange words.
Natasha mewls in sadness.
You barely miss Natasha. Your grab misses Natasha. Your squeeze misses Natasha.
Natasha casts a spell at you.
You feel yourself slow down.
You closely miss Natasha. Your grab misses Natasha.
Your squeeze misses Natasha. Natasha closely misses you.
You closely miss Natasha. You grab Natasha.
You constrict Natasha, but do no damage.
Natasha barely misses you. The iron imp closely misses you.
Natasha closely misses you.
Casting: Sandblast (safe; 3% risk of failure)
Confirm with . or Enter, or press ? or * to list all spells.
Aiming: Sandblast (safe; 3% risk of failure)
Press: ? - help, Shift-Dir - straight line, f - Natasha
Aim: Natasha (constricted by you, 96% to hit)
You miscast Sandblast.
You are very lightly contaminated with residual magic.
Nothing appears to happen.
You constrict Natasha. The iron imp hits you!
Natasha casts a spell.
The iron imp hits you!
Casting: Sandblast (safe; 3% risk of failure)
Confirm with . or Enter, or press ? or * to list all spells.
Aiming: Sandblast (safe; 3% risk of failure)
Press: ? - help, Shift-Dir - straight line, f/p - Natasha
Aim: Natasha (lightly wounded, constricted by you, 96% to hit)
The blast of sand hits Natasha!
Natasha is severely wounded.
You constrict Natasha. Natasha claws you.
* * * LOW HITPOINT WARNING * * *
Natasha barely misses you. The iron imp closely misses you.
Natasha casts a spell.
The iron imp hits you!
You die...

#... #.. #... #.# #...# ##.#
....##..##########
#.#..?...........#
#.##..#..†.......#
#................#
###..##..........#
#.@##..........#
......5h##..........####
###....5..#...#.##.....# #.
#.##5..........#†....# #. #..
............#.....# #.
#÷##............#.....#
####.##.##..................#
#.......###.................#
##.....<.#
...........#......#


You could see an iron imp (summoned), Natasha, a crimson imp (summoned) and a
white imp (summoned).

Vanquished Creatures
  A gnoll (D:1)
  An adder (D:2)
  A ball python (D:2)
  4 endoplasms
  3 giant cockroaches
  4 hobgoblins (D:1)
  10 kobolds
  3 bats
  2 frilled lizards
  4 goblins
  7 rats (D:1)
40 creatures vanquished.

Vanquished Creatures (others)
  12 plants (D:1)
12 creatures vanquished.

Grand Total: 52 creatures vanquished

Notes
Turn   | Place    | Note
-------+----------+-------------------------------------------
     0 | D:1      | Ge0ff the Octopode Earth Elementalist began the quest for
                  | the Orb.
     0 | D:1      | Reached XP level 1. HP: 11/11 MP: 3/3
    73 | D:1      | Reached skill level 1 in Fighting
   167 | D:1      | Reached XP level 2. HP: 18/18 MP: 3/5
   394 | D:1      | Reached XP level 3. HP: 17/23 MP: 2/7
   617 | D:1      | Found a faded altar of an unknown god.
   636 | D:1      | Got Plato's Volume of Displacement
   712 | D:1      | You fall into a shaft and drop 1 floor!
   786 | D:2      | Identified the +1 helmet of Shadows and Fog {Rampage}
   799 | D:1      | Found Udeyb's Book Shoppe.
  1440 | D:2      | Reached XP level 4. HP: 28/28 MP: 3/8
  1487 | D:2      | Noticed Natasha
  1537 | D:2      | Slain by an iron imp

Illustrated notes

Levels and vault maps discovered:
D:1:      onia_arrival_mini_spirals, layout_loops_ring, serial_shops,
          nicolae_shop_stone, shapermc_ecumenical_altar_rom_forum,
          nicolae_grassy_gnolls
D:2:      layout_rooms, basic_altar, dk_noncrumbling_4, glass_columns_a,
          uniq_natasha

Skill      XL: |  1  2 |
---------------+-------+-----
Fighting       | 1 |  1.0
Spellcasting   | 3 |  3.0
Dodging        | |  2.0
Stealth        | |  2.6
Transmutations | |  1.0
Earth Magic    | |  3.8

Action                   |  1- 3 |  4- 6 || total
-------------------------+-------+-------++-------
Melee: Unarmed           |     8 |     1 ||     9
       Constrict         |     4 |     1 ||     5
       Tentacles         |     1 |       ||     1
       Dagger            |       |     3 ||     3
 Cast: Sandblast         |    45 |     4 ||    49
Armor: Skin              |     1 |       ||     1
Dodge: Dodged            |    11 |     9 ||    20

Table legend: (Time is in decaauts)
 A = Elapsed time spent in this place.
 B = Non-inter-level travel time spent in this place.
 C = Inter-level travel time spent in this place.
 D = Time resting spent in this place.
 E = Time spent auto-exploring this place.
 F = Levels seen in this place.
 G = Mean time per level.
                   A        B        C        D        E       F      G
               +--------+--------+--------+--------+--------+-----+--------+
         Total |   1584 |   1556 |     28 |     35 |   1240 |   2 |  792.0 |
       Dungeon |   1584 |   1556 |     28 |     35 |   1240 |   2 |  792.0 |
               +--------+--------+--------+--------+--------+-----+--------+

Top non-repeatable levels by time:
     D:1: 1321 daAuts
     D:2: 263 daAuts
